Map: Pendiente de Agustín EE

Players

MrFercho - Winner!

  • Race: Zerg Zerg
  • League: Silver
  • Spawn Location: 6:00

tigro - Winner!

  • Race: Terran Terran
  • League: Bronze
  • Spawn Location: 6:00

TATORREA - Winner!

  • Race: Protoss Protoss
  • League: Silver
  • Spawn Location: 5:00

Kasmodan

  • Race: Protoss Protoss
  • Spawn Location: 12:00

Aleajactaest

  • Race: Zerg Zerg
  • Spawn Location: 11:00

tresietekill

  • Race: Terran Terran
  • Spawn Location: 12:00

VOD

Have the link to the VOD?

Description

Time

  • Played on: June 19, 2020, 9:54 p.m.
  • Length: 11:34
Show
View Real Time Build Order
Export as new Build Order

MrFercho Zerg - Winner!

Build Orders: Hatch First, Muta Ling Bane 

Get SALT Encoding   

  12  0:01  Drone  
  13  0:13  Overlord  
  13  0:29  Drone  
  13  0:31  Drone x2  
  16  0:54  Hatchery, Drone  
  16  0:57  Drone  
  16  1:01  Drone  
  18  1:18  Spawning Pool, Drone  
  19  1:23  Drone  
  19  1:34  Drone  
  19  1:39  Extractor  
  20  1:47  Drone  
  20  2:00  Drone  
  21  2:05  Queen x2  
  25  2:12  Drone x2  
  27  2:22  Drone  
  28  2:25  Overlord  
  28  2:41  Overlord x2  
  28  2:49  Metabolic Boost  
  28  3:00  Queen  
  28  3:01  Drone x5  
  28  3:02  Drone  
  36  3:15  Drone x2  
  38  3:22  Extractor, Drone x3  
  38  3:23  Drone  
  38  3:26  Extractor  
  40  3:28  Lair  
  40  3:29  Drone  
  40  3:30  Drone x2  
  40  3:31  Drone  
  44  3:37  Drone  
  45  4:00  Drone x2  
  47  4:12  Extractor  
  47  4:14  Drone x3  
  47  4:15  Drone  
  50  4:19  Zergling x4  
  50  4:22  Overlord x4  
  52  4:55  Hatchery  
  51  5:09  Hatchery  
  51  5:13  Drone x8  
  58  5:30  Baneling Nest  
  58  5:34  Evolution Chamber  
  56  5:38  Spire  
  55  5:45  Hatchery  
  55  5:46  Hatchery  
  53  6:00  Drone x2, Spire  
  53  6:01  Drone x4  
  58  6:12  Zerg Melee Weapons Level 1  
  58  6:18  Infestation Pit  
  57  6:42  Zergling x26  
  57  6:43  Zergling x8  
  72  7:04  Mutalisk  
  72  7:05  Mutalisk x8  
  90  7:20  Baneling x13  
  90  7:21  Baneling x13  
  90  7:29  Extractor  
  89  7:30  Drone x16  
  89  7:34  Extractor  
  89  7:36  Centrifical Hooks  
  104  7:41  Drone x4  
  91  8:40  Mutalisk  
  91  8:41  Mutalisk  
  93  8:42  Mutalisk x5  
  105  8:49  Hive  
  105  8:55  Zergling x6  
  106  8:58  Overlord x5  
  106  8:59  Overlord x2  
  106  9:00  Overlord x3  
  106  9:02  Zerg Melee Weapons Level 2  
  108  9:05  Zerg Flyer Weapons Level 1  
  108  9:12  Evolution Chamber  
  108  9:14  Drone  
  108  9:16  Drone x6  
  108  9:17  Drone x11  
  125  9:30  Zergling x16  
  133  9:33  Extractor  
  133  9:38  Extractor  
  131  10:03  Hatchery  
  130  10:08  Hatchery  
  130  10:13  Drone x3  
  132  10:16  Hatchery  
  132  10:20  Zergling x30  
  128  10:54  Mutalisk  
  128  10:55  Mutalisk x14  
  133  11:11  Baneling x3  
  133  11:12  Baneling x26  
  133  11:13  Baneling  
Show
View Real Time Build Order
Export as new Build Order

tigro Terran - Winner!

Build Orders:  

Get SALT Encoding   

  12  0:02  SCV  
  13  0:14  SCV  
  14  0:23  Supply Depot  
  14  0:26  SCV  
  15  0:31  Refinery  
  15  0:45  SCV  
  16  0:51  Barracks  
  16  0:57  SCV  
  16  1:02  Refinery  
  17  1:09  SCV  
  18  1:21  Supply Depot, SCV  
  19  1:33  SCV  
  19  1:39  Marine  
  21  1:47  SCV  
  22  1:57  Marine  
  22  1:59  SCV  
  24  2:04  Barracks  
  24  2:13  SCV  
  24  2:15  Marine  
  26  2:25  SCV  
  26  2:28  Engineering Bay  
  27  2:32  Marine  
  28  2:40  Orbital Command  
  28  2:50  Marine  
  29  2:52  Barracks Reactor  
  29  2:58  Factory  
  29  3:10  Barracks Tech Lab  
  29  3:25  Terran Infantry Weapons Level 1  
  29  3:32  Command Center  
  29  3:44  Factory Tech Lab  
  29  3:54  Starport  
  29  4:07  Marine  
  30  4:23  Combat Shield  
  30  4:34  Armory  
  30  4:40  Medivac  
  30  4:44  Marine x3  
  30  4:45  Refinery  
  35  4:50  SCV  
  36  5:02  Marine x3, SCV  
  40  5:16  Refinery  
  40  5:19  Terran Infantry Armor Level 1, SCV  
  41  5:31  SCV  
  42  5:41  Starport  
  42  5:42  Stimpack, Siege Tank  
  45  5:44  SCV  
  46  5:56  SCV  
  47  6:08  SCV  
  48  6:12  Starport Tech Lab  
  48  6:20  SCV  
  48  6:22  Starport Tech Lab  
  49  6:26  Terran Vehicle Weapons Level 1  
  49  6:32  SCV  
  50  6:34  Marine x3  
  53  6:44  SCV  
  54  6:51  Supply Depot  
  54  6:52  Marine x3  
  57  7:10  Marine x3  
  57  7:13  Neosteel Armor  
  60  7:22  Concussive Shells  
  60  7:28  Marine x3  
  62  7:45  Marine  
  62  7:46  Marine x2  
  62  8:03  Marine  
  60  8:20  Terran Vehicle And Ship Armor Level 1  
  43  8:52  Medivac x2  
  43  8:53  Hi-Sec Auto Tracking  
  47  9:01  Marine  
  47  9:02  Marine x2, Fusion Core  
  50  9:19  Marine x3  
  53  9:37  Marine x3  
  56  9:40  Missile Turret  
  56  9:50  SCV  
  57  9:55  Marine x3  
  60  10:02  SCV  
  60  10:03  Missile Turret  
  61  10:13  Marine  
  63  10:14  SCV  
  63  10:26  SCV  
  63  10:27  Missile Turret  
  64  10:32  Supply Depot  
  64  10:38  SCV  
  65  10:52  Missile Turret  
  65  10:53  Marine  
  65  10:54  Marine x2  
  65  10:55  Supply Depot  
  68  11:02  Command Center  
  74  11:11  Marine x3  
  77  11:19  Supply Depot, Missile Turret  
Show
View Real Time Build Order
Export as new Build Order

TATORREA Protoss - Winner!

Build Orders:  

Get SALT Encoding   

  12  0:01  Probe  
  13  0:13  Probe  
  14  0:22  Pylon  
  14  0:25  Probe  
  15  0:40  Probe  
  16  0:47  Gateway  
  16  0:52  Probe  
  17  1:01  Probe  
  17  1:05  Assimilator  
  17  1:09  Probe  
  19  1:21  Probe  
  20  1:29  Probe  
  20  1:30  Gateway  
  20  1:31  Gateway  
  20  1:37  Pylon  
  20  1:38  Assimilator, Probe  
  23  1:54  Probe  
  23  2:03  Probe  
  24  2:11  Probe  
  24  2:15  Cybernetics Core  
  25  2:20  Probe  
  26  2:32  Probe  
  27  2:37  Nexus  
  27  2:44  Pylon  
  27  2:51  Pylon, Probe  
  28  3:02  Probe  
  29  3:10  Probe  
  29  3:17  Stalker x2  
  34  3:20  Probe  
  34  3:22  Stalker  
  37  3:32  Probe  
  38  3:35  Assimilator  
  38  3:44  Warp Gate, Probe  
  39  3:49  Probe  
  40  3:56  Probe  
  40  3:59  Assimilator  
  40  4:01  Probe  
  40  4:02  Stalker  
  44  4:05  Stalker  
  44  4:08  Probe  
  47  4:10  Stalker  
  47  4:14  Probe  
  50  4:20  Probe  
  51  4:26  Probe  
  52  4:32  Probe  
  52  4:38  Probe  
  54  4:45  Probe  
  55  4:48  Nexus  
  55  4:50  Pylon  
  55  4:51  Probe  
  56  4:53  Pylon  
  56  4:57  Probe  
  57  5:03  Probe  
  57  5:06  Pylon  
  58  5:09  Pylon, Probe  
  58  5:13  Pylon  
  59  5:15  Probe  
  60  5:21  Probe  
  60  5:22  Robotics Facility  
  60  5:24  Twilight Council  
  60  5:27  Probe  
  62  5:33  Probe  
  62  5:34  Stalker x2  
  62  5:35  Stalker  
  69  5:39  Probe  
  70  5:45  Probe  
  71  5:51  Probe  
  72  6:00  Probe x2, Nexus  
  72  6:01  Pylon  
  72  6:03  Pylon, Probe  
  75  6:12  Probe x2  
  75  6:15  Probe  
  78  6:24  Probe x2  
  80  6:27  Probe  
  81  6:36  Probe  
  80  6:51  Probe x3  
  71  7:03  Probe x3  
  70  7:12  Assimilator  
  70  7:15  Probe x3  
  73  7:16  Assimilator, Immortal  
  77  7:25  Robotics Bay  
  77  7:27  Probe x3  
  77  7:29  Gateway  
  80  7:31  Gateway  
  80  7:34  Gateway  
  80  7:37  Gateway  
  80  7:39  Gateway  
  80  7:45  Probe x3  
  80  7:46  Gateway  
  80  7:49  Gateway  
  83  7:52  Gateway  
  83  7:55  Gateway  
  83  7:57  Probe x3  
  86  8:00  Immortal  
  86  8:03  Charge  
  90  8:05  Gateway  
  90  8:06  Stalker  
  90  8:07  Stalker x2  
  90  8:11  Gateway  
  96  8:13  Gateway  
  96  8:17  Gateway  
  96  8:24  Probe x2  
  96  8:25  Probe  
  99  8:34  Assimilator  
  99  8:36  Assimilator, Probe x2  
  99  8:37  Extended Thermal Lance, Probe  
  99  8:39  Observer  
  103  8:42  Nexus  
  103  8:47  Forge  
  103  8:48  Pylon, Forge, Probe  
  103  8:49  Pylon, Probe x2  
  103  8:53  Forge  
  106  9:00  Stalker x2, Colossus  
  106  9:01  Stalker x4  
  106  9:02  Stalker x3  
  130  9:47  Stalker x2  
  130  9:48  Stalker x4  
  130  9:49  Stalker x3  
  130  9:50  Stalker x3  
  130  9:51  Stalker, Pylon  
  130  9:52  Pylon x2  
  156  9:56  Pylon  
  156  9:59  Pylon, Zealot x3  
  162  10:06  Colossus  
  168  10:07  Pylon  
  168  10:09  Pylon  
  168  10:11  Pylon  
  168  10:13  Pylon  
  168  10:21  Templar Archives  
  168  10:23  Zealot x2  
  168  10:24  Zealot x4  
  168  10:25  Zealot x3  
  168  10:27  Stalker x2, Pylon  
  168  10:28  Stalker  
  192  10:29  Pylon  
  192  10:31  Stalker  
  192  10:32  Stalker, Pylon  
  192  10:33  Stalker  
  198  10:35  Stalker  
  200  11:13  Assimilator  
  200  11:14  Assimilator  
Show
View Real Time Build Order
Export as new Build Order

Kasmodan Protoss 

Build Orders:  

Get SALT Encoding   

  12  0:04  Probe  
  13  0:26  Pylon  
  13  0:32  Assimilator  
  13  0:37  Assimilator  
  13  0:41  Probe  
  14  0:53  Probe  
  15  1:01  Probe  
  15  1:09  Probe  
  16  1:17  Gateway  
  17  1:20  Probe  
  17  1:24  Pylon  
  18  1:32  Probe  
  19  1:44  Probe  
  20  2:01  Forge, Probe  
  21  2:08  Cybernetics Core  
  21  2:13  Probe  
  22  2:35  Zealot  
  24  2:43  Protoss Shields Level 1  
  24  2:57  Gateway  
  24  3:02  Zealot  
  26  3:13  Pylon  
  26  3:29  Zealot  
  28  3:56  Zealot  
  30  4:07  Stalker  
  32  4:24  Zealot  
  34  4:27  Pylon  
  34  4:37  Stalker  
  36  4:51  Photon Cannon  
  36  4:54  Photon Cannon  
  36  5:26  Photon Cannon  
  36  7:17  Pylon  
  25  9:10  Zealot  
  25  9:11  Zealot  
  29  9:38  Zealot x2  
  33  10:05  Zealot x2  
  37  10:32  Zealot x2  
  41  10:59  Zealot x2  
Show
View Real Time Build Order
Export as new Build Order

Aleajactaest Zerg 

Build Orders: Pool First 

Get SALT Encoding   

  12  0:49  Spawning Pool  
  11  0:50  Overlord  
  11  0:56  Overlord  
  11  1:00  Drone  
  11  1:02  Drone  
  13  1:13  Drone  
  14  1:23  Drone  
  15  1:29  Extractor  
  14  1:34  Drone  
  14  1:37  Queen  
  17  1:49  Hatchery  
  17  1:52  Drone  
  17  1:56  Extractor  
  16  2:01  Spine Crawler  
  16  2:02  Drone  
  16  2:06  Drone  
  17  2:19  Drone  
  18  2:27  Drone  
  19  2:41  Drone  
  20  2:47  Lair  
  20  2:48  Drone  
  20  2:50  Drone  
  22  2:52  Drone  
  22  2:54  Drone  
  24  3:11  Spine Crawler  
  23  3:15  Drone x2  
  23  3:18  Drone  
  23  3:19  Drone  
  27  3:21  Queen  
  27  3:24  Overlord  
  29  3:33  Drone  
  30  3:39  Spore Crawler  
  29  3:43  Spore Crawler  
  29  3:45  Drone  
  29  3:54  Spore Crawler  
  28  3:56  Drone  
  28  3:57  Pneumatized Carapace  
  28  4:00  Drone x3  
  32  4:04  Extractor  
  32  4:07  Hatchery  
  30  4:10  Lair  
  30  4:13  Extractor  
  30  4:16  Spine Crawler  
  28  4:21  Spore Crawler  
  27  4:24  Drone x3  
  27  4:29  Overlord  
  27  4:31  Overlord  
  30  4:36  Drone  
  31  4:49  Spire  
  31  4:51  Spire  
  29  4:56  Drone, Infestation Pit  
  29  4:58  Drone x2  
  31  5:00  Overseer  
  31  5:02  Overseer  
  31  5:10  Drone  
  31  5:11  Drone  
  33  5:14  Spire  
  33  5:16  Drone  
  33  5:17  Drone x2  
  35  5:33  Hive  
  35  5:36  Drone  
  35  5:39  Drone x2  
  38  5:46  Hive  
  38  5:53  Drone x2  
  38  5:54  Drone  
  41  6:00  Extractor  
  41  6:01  Queen  
  41  6:02  Extractor, Drone x2  
  43  6:05  Zerg Flyer Weapons Level 1  
  43  6:09  Drone x3  
  46  6:13  Drone  
  47  6:20  Drone  
  48  6:30  Mutalisk  
  48  6:31  Mutalisk x6  
  62  6:46  Corruptor  
  62  6:47  Mutalisk  
  62  6:50  Mutalisk  
  66  7:01  Overlord x3  
  66  7:10  Greater Spire  
  66  7:18  Queen, Spire  
  66  7:20  Drone x3  
  70  7:26  Drone x3  
  55  7:54  Mutalisk x3  
  55  7:55  Mutalisk x5  
  67  8:08  Mutalisk x3  
  64  8:44  Drone  
  65  8:49  Spire  
  65  8:54  Lair, Drone x3  
  67  9:01  Zerg Flyer Armor Level 1, Spire  
  66  9:06  Mutalisk x4  
  74  9:23  Drone x2  
  76  9:28  Mutalisk  
  76  9:29  Mutalisk x2  
  82  9:47  Overlord x4  
  82  9:51  Overlord x7  
  82  10:00  Hive  
  82  10:08  Hatchery  
  82  10:12  Extractor x2  
  79  10:37  Mutalisk x2  
  79  10:38  Mutalisk x8  
  79  10:39  Mutalisk x5  
Show
View Real Time Build Order
Export as new Build Order

tresietekill Terran 

Build Orders:  

Get SALT Encoding   

  12  0:24  Refinery  
  12  0:42  Supply Depot  
  12  1:15  Barracks  
  12  1:17  SCV  
  13  1:29  SCV  
  14  1:49  Supply Depot  
  14  2:11  Engineering Bay  
  14  2:15  Factory  
  14  2:26  Marine  
  15  2:44  Marine  
  16  3:02  Marine  
  17  3:07  Bunker  
  17  3:16  Factory Tech Lab  
  17  3:21  Missile Turret  
  17  3:24  Marine  
  18  3:42  Marine  
  19  3:56  Bunker  
  19  4:12  SCV  
  20  4:19  Refinery  
  20  4:24  SCV  
  20  4:30  Siege Tank  
  24  4:59  Missile Turret  
  24  5:13  Starport  
  24  5:16  Missile Turret  
  24  5:53  Starport  
  24  6:14  Siege Tank  
  27  6:46  Siege Tank  
  19  8:31  Starport Reactor x2  
  19  8:47  Command Center  
  19  9:02  Marine  
  20  9:18  Supply Depot  
  20  9:20  Marine, SCV  
  22  9:25  Viking x2  
  22  9:26  Viking x2  
  30  9:32  SCV  
  30  9:33  Supply Depot  
  31  9:39  Marine  
  32  9:55  Viking x2  
  32  9:56  Viking x2  
  32  9:57  Marine  
  41  10:15  Marine, SCV  
  41  10:20  Refinery  
  43  10:25  Viking x2  
  43  10:26  Viking x2  
  43  10:27  SCV  
  52  10:39  SCV  
  47  10:55  Viking x2  
  47  10:56  Viking x2  
Tags
 
Add a new tag
Caveats
  • Supply blocks, unpowered buildings, or Contaminate may cause inaccurate times.
  • Supply counts are checked every 10 seconds.